 Dungeon Crawl Stone Soup version 0.25.1-1-g288607f5aa (webtiles) character file.

Game seed: 16876875019458255265

1265 lepoulpe303 the Changer (level 8, -7/37 HPs)
             Began as a Spriggan Venom Mage on July 26, 2020.
             Killed from afar by Maggie (25 damage)
             ... with a bolt of fire
             ... on level 7 of the Dungeon on July 27, 2020.
             The game lasted 00:40:15 (6740 turns).

lepoulpe303 the Changer (Spriggan Venom Mage)       Turns: 6740, Time: 00:40:16

Health: -7/37      AC:  3    Str:  4    XL:     8   Next: 27%
Magic:  24/25      EV: 21    Int: 18    God:
Gold:   259        SH:  0    Dex: 17    Spells: 3/16 levels left

rFire    . . .     SeeInvis +   c - +2 dagger (drain)
rCold    . . .     Gourm    .   (shield restricted)
rNeg     . . .     Faith    .   a - +0 robe
rPois    .         Spirit   .   u - +1 hat
rElec    .         Reflect  .   (no cloak)
rCorr    .         Harm     .   (gloves unavailable)
MR       +....                  (boots unavailable)
Stlth    +++.......             (no amulet)
HPRegen  0.12/turn              p - ring of magical power {MP+9}
MPRegen  0.19/turn              (no ring)

@: mesmerised, very quick
A: very small, unfitting armour, see invisible, herbivore, speed 3, slow
metabolism 2
a: no special abilities


You were on level 7 of the Dungeon.
You were not hungry.

You visited 1 branch of the dungeon, and saw 7 of its levels.

You collected 259 gold pieces.

Inventory:

Hand Weapons
 c - a +2 dagger of draining (weapon)
 m - a +2 antimagic dagger
Missiles
 d - 30 poisoned darts
 s - 8 curare-tipped darts (quivered)
Armour
 a - a +0 robe (worn)
 u - a +1 hat (worn)
Jewellery
 p - a ring of magical power (left hand) {MP+9}
Scrolls
 b - 2 scrolls of amnesia {unknown}
 f - 2 scrolls of fog {unknown}
 h - a scroll of enchant armour
 i - 3 scrolls of identify
 j - a scroll of noise {unknown}
 l - 2 scrolls of magic mapping {!r}
 o - a scroll of blinking {unknown}
 r - a scroll of immolation {unknown}
 t - 6 scrolls of teleportation
 w - 2 scrolls of remove curse
Potions
 g - 4 potions of degeneration {!q}
 k - a potion of brilliance
 n - 2 potions of resistance
 q - a potion of curing
Comestibles
 e - 12 rations


   Skills:
 + Level 1.2 Fighting
 + Level 3.3 Short Blades
 + Level 5.7 Dodging
 + Level 6.2 Stealth
 + Level 4.9 Spellcasting
 * Level 6.5 Transmutations
 * Level 5.6 Poison Magic


You had 3 spell levels left.
You knew the following spells:

 Your Spells              Type           Power        Failure   Level  Hunger
a - Sting                 Tmut/Pois      ####         1%          1    None
b - Poisonous Vapours     Pois/Air       ##....       6%          2    #......
c - Ignite Poison         Fire/Tmut/Pois ###.....     8%          3    ###....
d - Olgreb's Toxic Radia  Pois           ###.....     13%         4    ####...
x - Mephitic Cloud        Conj/Pois/Air  ##......     19%         3    ###....

Your spell library contained the following spells:

 Spells                   Type           Power        Failure   Level  Hunger
 Magic Dart               Conj           #...         14%         1    None
 Searing Ray              Conj           #.....       21%         2    #......
 Dazzling Flash           Conj/Hex       #.....       38%         3    ###....
 Fulminant Prism          Conj/Hex       #.........   80%         4    ####...
 Iskenderun's Mystic Bla  Conj/Tloc      #.......     80%         4    ####...


Dungeon Overview and Level Annotations

Branches:
Dungeon (7/15)
 Temple: D:4-7

Altars:
Cheibriados
Fedhas
Kikubaaqudgha
Nemelex Xobeh
Ru
Trog
Xom

Annotations:
D:6 2 transporters, protoss039's ghost, novice MiFi
D:7 Maggie


Innate Abilities, Weirdness & Mutations

You are very small and have problems with some larger weapons.
You are too small for most types of armour.
You have supernaturally acute eyesight. (SInv)
You are a herbivore.
You cover ground extremely quickly.
You need to consume almost no food.


Message History

You now have 22/25 mp.
You barely miss Maggie. Maggie misses you.
You hit Maggie but do no damage. Maggie misses you.
You hit Maggie but do no damage. You hit Maggie but do no damage.
Maggie hits you with a +0 long sword!
You take 8 damage, and have 29/37 hp.
MASSIVE DAMAGE!!
You hit Maggie but do no damage. You drain Maggie.
Maggie hits you with a +0 long sword!
* * * LOW HITPOINT WARNING * * *
You take 7 damage, and have 22/37 hp.
You hit Maggie. Maggie hits you with a +0 long sword.
* * * LOW HITPOINT WARNING * * *
You take 5 damage, and have 17/37 hp.
You closely miss Maggie. You hit Maggie but do no damage.
Maggie points at you and mumbles some strange words.
The bolt of fire hits you!!
Ouch! That really hurt!
You die...

#####.###
#?....... #.#
###@####
#..@...#######
#.............
#......######
###.#>## .
...#.#
..########.#
.>.......#.###
.............#
..#........#.#


You could see Maggie (mesmerising, poisoned, drained).

Levels and vault maps discovered:
D:1:      elethiomel_arrival_infinity_welcomes_careful_drivers,
          layout_loops_ring
D:2:      layout_basic, lemuel_coloured_pillars_altar,
          kennysheep_generic_room_12, uniq_terence
D:3:      layout_basic, cheibriados_altar_1, first_ration, uniq_sigmund
D:4:      layout_loops_ring, kennysheep_mini_moat, solitary_fountain
D:5:      layout_cave_pools, gammafunk_temple_overflow_elements
D:6:      layout_basic, lemuel_doored_altar, serial_bayou, serial_bayou_ford_a,
          serial_bayou_pond_a, serial_bayou_pond_e, serial_bayou_crossing,
          gammafunk_ghost_hive
D:7:      layout_basic, nicolae_ru_awakened_eye,
          minmay_temple_entry_drinking_statues, uniq_maggie

Notes
Turn   | Place    | Note
-------+----------+-------------------------------------------
     0 | D:1      | lepoulpe303 the Spriggan Venom Mage began the quest for the
                  | Orb.
     0 | D:1      | Reached XP level 1. HP: 9/9 MP: 5/5
    59 | D:1      | Identified a +0 club
    60 | D:1      | Identified a +0 club
   180 | D:1      | Identified a cursed -3 club
   225 | D:1      | Reached skill level 3 in Spellcasting
   225 | D:1      | Reached XP level 2. HP: 13/13 MP: 4/7
   228 | D:1      | Identified a +0 club
   229 | D:1      | Learned a level 2 spell: Poisonous Vapours
   367 | D:1      | Identified a +0 club
   370 | D:1      | Reached skill level 2 in Transmutations
   378 | D:1      | Identified a +0 halberd
   466 | D:1      | Identified a +0 leather armour
   506 | D:1      | Identified a +0 dagger
   519 | D:1      | Reached XP level 3. HP: 16/16 MP: 1/8
   767 | D:1      | Identified a +0 dagger
   880 | D:1      | Identified a +2 dagger of draining
   880 | D:1      | Identified a +0 club
  1081 | D:1      | Learned a level 3 spell: Ignite Poison
  1081 | D:1      | Identified 2 scrolls of remove curse
  1225 | D:2      | Identified a +0 short sword
  1225 | D:2      | Identified a +0 chain mail
  1225 | D:2      | Noticed Terence
  1239 | D:2      | Killed Terence
  1239 | D:2      | Reached skill level 3 in Transmutations
  1239 | D:2      | Reached XP level 4. HP: 21/21 MP: 7/10
  1325 | D:2      | Found a bloodstained altar of Trog.
  1355 | D:2      | You fall into a shaft and drop 2 floors!
  1384 | D:4      | Reached skill level 4 in Stealth
  1394 | D:3      | Identified a +0 scythe
  1394 | D:3      | Identified a cursed +0 robe
  1394 | D:3      | Noticed Sigmund
  1410 | D:4      | Reached skill level 4 in Dodging
  1410 | D:4      | Reached XP level 5. HP: 24/24 MP: 3/11
  1415 | D:4      | Learned a level 3 spell: Mephitic Cloud
  1428 | D:4      | Found a blossoming altar of Fedhas.
  1525 | D:2      | Reached skill level 1 in Short Blades
  1595 | D:2      | Identified a +0 dagger
  1796 | D:2      | Identified a +0 club
  2214 | D:3      | Killed Sigmund
  2214 | D:3      | Reached skill level 4 in Transmutations
  2214 | D:3      | Reached skill level 4 in Poison Magic
  2214 | D:3      | Reached XP level 6. HP: 22/28 MP: 3/12
  2312 | D:3      | Reached skill level 2 in Short Blades
  2312 | D:3      | Reached skill level 4 in Spellcasting
  2376 | D:3      | Identified a +0 club
  2406 | D:3      | Identified a +0 flail
  2406 | D:3      | Identified a +0 hand axe
  2435 | D:3      | Learned a level 4 spell: Olgreb's Toxic Radiance
  2677 | D:3      | Identified a +0 club
  2695 | D:3      | Identified 6 scrolls of teleportation
  2696 | D:3      | Identified a +2 antimagic dagger (You found it on level 3
                  | of the Dungeon)
  2698 | D:3      | Identified a +0 dagger
  2793 | D:3      | Identified a +0 club
  2916 | D:3      | Identified a +0 dagger
  2920 | D:3      | Found a snail-covered altar of Cheibriados.
  3009 | D:4      | Noticed a hungry ghost
  3029 | D:4      | Killed a hungry ghost
  3029 | D:4      | Reached skill level 5 in Stealth
  3029 | D:4      | Reached skill level 5 in Transmutations
  3029 | D:4      | Reached XP level 7. HP: 29/32 MP: 14/14
  3186 | D:4      | Identified a +0 mace
  3468 | D:4      | Identified a +0 giant spiked club
  3482 | D:4      | Reached skill level 5 in Dodging
  3482 | D:4      | Reached skill level 5 in Poison Magic
  3636 | D:5      | Entered Level 5 of the Dungeon
  3929 | D:5      | Identified 7 scrolls of identify
  3929 | D:5      | Identified 3 potions of degeneration
  3930 | D:5      | Identified a potion of brilliance
  3931 | D:5      | Identified 2 potions of resistance
  3932 | D:5      | Identified a scroll of enchant armour
  4140 | D:5      | HP: 8/32 [phantom (7)]
  4156 | D:5      | HP: 6/32 [phantom (3)]
  4458 | D:5      | Identified a ring of magical power (You found it on level 5
                  | of the Dungeon)
  4636 | D:5      | Identified 3 scrolls of magic mapping
  4653 | D:5      | Found a sparkling altar of Nemelex Xobeh.
  4653 | D:5      | Found a shimmering altar of Xom.
  4931 | D:6      | Identified a cursed -3 dagger
  4931 | D:6      | Identified a +0 ring mail
  4962 | D:6      | Identified a +0 shortbow
  4973 | D:6      | Reached skill level 3 in Short Blades
  4973 | D:6      | Reached skill level 6 in Transmutations
  5022 | D:6      | Identified a +1 hat (You found it on level 6 of the
                  | Dungeon)
  5077 | D:6      | Reached skill level 1 in Fighting
  5077 | D:6      | Reached XP level 8. HP: 37/37 MP: 16/16
  5192 | D:6      | Reached skill level 6 in Stealth
  5259 | D:6      | Identified a +0 shortbow
  5505 | D:6      | Found an ancient bone altar of Kikubaaqudgha.
  5651 | D:6      | HP: 8/37 [phantom (5)]
  5676 | D:6      | HP: 2/37 [phantom (8)]
  5986 | D:6      | Identified a +0 trident
  5986 | D:6      | Identified a +0 robe
  5987 | D:6      | Identified a +0 long sword
  5987 | D:6      | Identified a +0 robe
  5989 | D:6      | Identified a cursed +2 short sword
  5989 | D:6      | Identified a +0 robe
  6227 | D:6      | Identified a +3 flail
  6227 | D:6      | Identified a +0 robe
  6237 | D:6      | Found a transporter.
  6242 | D:6      | Found a transporter.
  6243 | D:6      | Noticed protoss039's ghost (novice MiFi)
  6575 | D:6      | Identified a potion of curing
  6582 | D:6      | Identified a cursed -2 quarterstaff (You found it on level
                  | 6 of the Dungeon)
  6705 | D:7      | Found a sacrificial altar of Ru.
  6725 | D:7      | Identified a +0 long sword
  6725 | D:7      | Identified +0 steam dragon scales
  6725 | D:7      | Noticed Maggie
  6740 | D:7      | Killed from afar by Maggie

Table legend:
 A = Turns spent in this place as a percentage of turns spent in the entire game.
 B = Non-inter-level travel turns spent in this place as a percentage of non-inter-level travel turns spent in the entire game.
 C = Inter-level travel turns spent in this place as a percentage of turns spent in this place.
 D = Turns resting spent in this place as a percentage of non-inter-level travel turns spent in this place.
 E = Turns spent auto-exploring this place as a percentage of non-inter-level travel turns spent in this place.
 F = Non-inter-level travel turns spent in this place divided by the number of levels of this place that you've seen.
                   A       B       C       D       E      F
               +-------+-------+-------+-------+-------+----------------------
         Total | 100.0 | 100.0 |   3.6 |  23.6 |  41.7 | 928.1
       Dungeon | 100.0 | 100.0 |   3.6 |  23.6 |  41.7 | 928.1
               +-------+-------+-------+-------+-------+----------------------

Table legend:
 A = Kills in this place as a percentage of kills in entire the game.
 B = Kills by you in this place as a percentage of kills by you in the entire game.
 C = Kills by friends in this place as a percentage of kills by friends in the entire game.
 D = Other kills in this place as a percentage of other kills in the entire game.
 E = Experience gained in this place as a percentage of experience gained in the entire game.
 F = Experience gained in this place divided by the number of levels of this place that you have seen.
                   A       B       C       D       E      F
               +-------+-------+-------+-------+-------+----------------------
         Total | 100.0 | 100.0 |   N/A |   N/A | 100.0 | 258.3
       Dungeon | 100.0 | 100.0 |   N/A |   N/A | 100.0 | 258.3
               +-------+-------+-------+-------+-------+----------------------

Skill      XL: |  1  2  3  4  5  6  7  8 |
---------------+-------------------------+-----
Spellcasting   | 3 4 |  4.9
Transmutations | 2 3 4 5 6 |  6.5
Stealth        | 4 5 6 |  6.2
Dodging        | 4 5 |  5.7
Short Blades   | 1 2 3 |  3.3
Poison Magic   | 4 5 |  5.6
Fighting       | 1 |  1.2

Action                   |  1- 3 |  4- 6 |  7- 9 || total
-------------------------+-------+-------+-------++-------
Melee: Dagger            |    13 |   119 |   309 ||   441
Throw: Dart              |       |       |     1 ||     1
 Cast: Sting             |    50 |    18 |    24 ||    92
       Poisonous Vapours |       |     7 |     3 ||    10
  Use: Scroll            |     1 |     1 |     7 ||     9
 Stab: Sleeping          |     7 |    13 |     9 ||    29
       Distracted        |       |       |     1 ||     1
  Eat: Ration            |       |     1 |     3 ||     4
Armor: Robe              |     4 |     9 |    19 ||    32
Dodge: Dodged            |    24 |    80 |   238 ||   342

Vanquished Creatures
  Sigmund (D:3)
  A hungry ghost (D:4)
  An ogre (D:4)
  2 centaurs (D:6)
  A bullfrog (D:6)
  A scorpion (D:3)
  A crimson imp (D:5)
  A quasit (D:5)
  2 hounds (D:4)
  2 bullfrog skeletons
  An iguana (D:6)
  Terence (D:2)
  3 worker ants
  2 hound skeletons (D:6)
  A gnoll (D:1)
  12 adders
  3 shadow imps
  3 oozes
  2 adder skeletons
  4 worms
  A dart slug (D:1)
  2 leopard geckos (D:2)
  5 orcs
  2 ball pythons
  6 giant cockroaches
  9 goblins
  11 hobgoblins
  14 jackals
  A quokka (D:3)
  6 bats
  6 frilled lizards
  9 kobolds
  11 rats
128 creatures vanquished.
